AoeStats
← chicken

Arabia

509277822Analyzed
2v2 RM · 5d ago on Sep 26, 2026· 24m 44s· 4 players
Game mode
Random Map
Map size
Medium (4 player)
Population
200
Speed
Normal
Resources
Standard
Victory
Conquest
Starting age
Dark Age
Ending age
Imperial Age
RankedLock teamsTeams togetherTeam positionsShared explorationLock speedFull tech treeHidden civsTurbo modeCheats
Victory
Defeat
🇺🇸 Vietnamese · United States
1258
+13
🇺🇸 Mongols · United States
1258
+13
🇺🇸 Varangians · United States
1194
-13
🇺🇸 Danes · United States
1194
-13
ThomasTheTan
9:37 Feudal Age
8:43 Loom
11:14 Double-Bit Axe
11:33 Horse Collar
19:24 Wheelbarrow
22:27 Castle Age
23:50 Bow Saw
24:24 Wheelbarrow
24:25 Gold Mining
Snazzy Jazz Man
9:26 Feudal Age
7:41 Loom
11:02 Man-at-Arms
11:43 Double-Bit Axe
16:57 Wheelbarrow
21:13 Castle Age
20:03 Scale Mail Armor
Twister
6:50 Loom
9:38 Feudal Age
10:15 Double-Bit Axe
16:19 Fletching
22:02 Wheelbarrow
25:02 Castle Age
23:16 Padded Archer Armor
chicken
9:07 Feudal Age
10:09 Double-Bit Axe
17:19 Loom
19:47 Castle Age
18:34 Scale Barding Armor
18:56 Bloodlines
19:24 Forging
21:26 Chain Barding Armor
21:01 Gold Mining
Connection lost

Rejoining the realm…

Still unreachable

The connection could not be restored.

Session expired

The server has moved on; the page needs a fresh start.